 Dungeon Crawl Stone Soup version 0.19.0-24-gb05acd6 (webtiles) character file.

109 Aksej the Slasher (level 4, -1/33 HPs)
             Began as a Demonspawn Gladiator on Nov 22, 2016.
             Slain by Aksej's ghost (9 damage)
             ... on level 3 of the Dungeon.
             The game lasted 00:05:13 (1795 turns).

Aksej the Slasher (Demonspawn Gladiator)            Turns: 1795, Time: 00:05:14

Health: -1/33      AC:  8    Str: 15    XL:     4   Next: 59%
Magic:  4/4        EV: 13    Int: 10    God:
Gold:   26         SH:  0    Dex: 14    Spells: 0 memorised, 3 levels left

rFire  . . .     SeeInvis .     a - +1 long sword
rCold  . . .     Gourm    .     b - +0 leather armour
rNeg   . . .     Faith    .     (no shield)
rPois  .         Spirit   .     (helmet restricted)
rElec  .         Reflect  .     (no cloak)
rCorr  .         Harm     .     (no gloves)
MR     .....                    (no boots)
Stlth  +.........               (no amulet)
                                (no ring)
                                k - +3 ring of protection

@: very slightly contaminated, hasted, very quick
A: horns 1, icy blue scales 1
a: no special abilities


You were on level 3 of the Dungeon.
You were not hungry.

You visited 1 branch of the dungeon, and saw 3 of its levels.

You collected 26 gold pieces.

Inventory:

Hand Weapons
 a - a +1 long sword (weapon)
Missiles
 d - 3 throwing nets (quivered)
Armour
 b - a +0 leather armour (worn)
Jewellery
 k - a +3 ring of protection (left hand)
Scrolls
 l - a scroll of teleportation
Comestibles
 f - 3 bread rations
 g - 5 chunks of flesh
 h - 2 beef jerkies
 m - 2 fruits


   Skills:
 + Level 2.2 Fighting
 * Level 4.4 Long Blades
 + Level 1.9 Throwing
 + Level 0.5 Armour
 + Level 2.9 Dodging


You had 3 spell levels left.
You didn't know any spells.

Dungeon Overview and Level Annotations

Branches:
Dungeon (3/15)

Altars:

Annotations:
D:3 Aksej's ghost, amateur DsGl


Innate Abilities, Weirdness & Mutations

You have a pair of small horns on your head.
You are partially covered in icy blue scales. (AC +2)


Message History

You slash Aksej's ghost! You headbutt Aksej's ghost.
Aksej's ghost is heavily damaged.
Aksej's ghost hits you.
You miss Aksej's ghost.
Aksej's ghost is heavily damaged.
Aksej's ghost barely misses you.
You hit Aksej's ghost.
Aksej's ghost is severely damaged.
Aksej's ghost hits you!
* * * LOW HITPOINT WARNING * * *
You hit Aksej's ghost but do no damage.
You headbutt Aksej's ghost, but do no damage.
Aksej's ghost is severely damaged.
Aksej's ghost misses you.
You completely miss Aksej's ghost.
Aksej's ghost is severely damaged.
You miss Aksej's ghost.
Aksej's ghost is severely damaged.
Aksej's ghost hits you!
You die...

#.. #.... #.# #.... ...
#...# . #.#####.#.# .
### #.##....#.###. .[
#.#........... #.
###.............
###.##.#.......).....
#..W@...#............
.......##.###......#.##.
##.#.#. #># ##..........
.. .% #.# ####....... ##
### #.# ###...## #.#
#...# ... #...# ########
.#. #...## #<.....# . .
######.....


You could see Aksej's ghost.

Vanquished Creatures
  A howler monkey (D:2)
  An adder (D:3)
  3 worms (D:2)
  3 dart slugs
  A leopard gecko (D:1)
  5 bats
  3 giant cockroaches
  5 goblins
  5 hobgoblins
  2 quokkas
  3 frilled lizards
  7 kobolds
  6 rats
45 creatures vanquished.

Notes
Turn   | Place    | Note
-------+----------+-------------------------------------------
     0 | D:1      | Aksej the Demonspawn Gladiator began the quest for the Orb.
     0 | D:1      | Reached XP level 1. HP: 16/16 MP: 1/1
   148 | D:1      | Reached skill level 3 in Long Blades
   190 | D:1      | Gained mutation: You are partially covered in icy blue scales. (AC +2) [demonic ancestry]
   190 | D:1      | Reached XP level 2. HP: 20/22 MP: 2/2
   704 | D:2      | Found a faded altar of an unknown god.
   976 | D:2      | Reached XP level 3. HP: 27/27 MP: 3/3
  1575 | D:2      | Reached skill level 4 in Long Blades
  1575 | D:2      | Gained mutation: You have a pair of small horns on your head. [demonic ancestry]
  1575 | D:2      | Reached XP level 4. HP: 33/33 MP: 4/4
  1784 | D:3      | Noticed Aksej's ghost (amateur DsGl)
  1795 | D:3      | Slain by Aksej's ghost

Skill      XL: |  1  2  3 |
---------------+----------+-----
Long Blades    | 3 4 |  4.4
Fighting       | |  2.2
Throwing       | |  1.9
Armour         | |  0.5
Dodging        | |  2.9

Action                   |  1- 3 |  4- 6 || total
-------------------------+-------+-------++-------
Melee: Long sword        |   103 |    23 ||   126
       Headbutt          |       |     6 ||     6
  Use: Scroll            |     6 |     1 ||     7
       Potion            |     1 |     1 ||     2
 Stab: Sleeping          |     2 |       ||     2
  Eat: Chunk             |     2 |     1 ||     3
Armor: Leather armour    |    40 |     7 ||    47
Dodge: Dodged            |    67 |    18 ||    85
       Rpst.: Long sword |    23 |     6 ||    29
